 Dungeon Crawl Stone Soup version 0.22-a0-351-g29664b4 (webtiles) character file.

1262 Kairos the Covered (level 8, -4/72 HPs)
             Began as a Deep Dwarf Fighter on Apr 12, 2018.
             Shot with an arrow by a centaur (12 damage)
             ... on level 6 of the Dungeon.
             The game lasted 00:15:05 (4648 turns).

Kairos the Covered (Deep Dwarf Fighter)             Turns: 4648, Time: 00:15:06

Health: -4/72      AC: 12    Str: 20    XL:     8   Next: 27%
Magic:  8/8        EV:  9    Int: 14    God:
Gold:   155        SH: 12    Dex: 13    Spells: 7/7 levels left

rFire    . . .     SeeInvis .   y - +8 hunting sling "Zizaschei" {venom, rPois rC+ Int+4}
rCold    + . .     Gourm    .   c - +2 shield
rNeg     . . .     Faith    .   b - +1 scale mail
rPois    +         Spirit   .   o - +0 helmet
rElec    .         Reflect  .   e - +0 cloak
rCorr    .         Harm     .   x - +0 pair of gloves
MR       +....                  (no boots)
Stlth    ..........             (no amulet)
HPRegen  0.00/turn              (no ring)
MPRegen  0.11/turn              (no ring)

@: non-regenerating
A: damage resistance, heal wounds, sense surroundings 1, no regeneration
a: Heal Wounds


You were on level 6 of the Dungeon.
You were not hungry.

You visited 1 branch of the dungeon, and saw 6 of its levels.

You collected 343 gold pieces.
You spent 188 gold pieces at shops.

Inventory:

Hand Weapons
 a - a +0 war axe
 y - the +8 hunting sling "Zizaschei" (weapon) {venom, rPois rC+ Int+4}
   (You bought it in a shop on level 4 of the Dungeon)

   It poisons the ammo it fires.
   It affects your intelligence (+4).
   It protects you from cold.
   It protects you from poison.
 z - a +1 hand axe of freezing
 A - a +1 hand axe of electrocution
Missiles
 i - 2 throwing nets
 j - 300 stones (quivered)
Armour
 b - a +1 scale mail (worn)
 c - a +2 shield (worn)
 e - a +0 cloak (worn)
 o - a +0 helmet (worn)
 x - a +0 pair of gloves (worn)
Wands
 h - a wand of scattershot (3)
 D - a wand of digging (13)
Scrolls
 k - a scroll of noise {unknown}
 l - a scroll of amnesia {unknown}
 m - 4 scrolls of identify {unknown}
 p - a scroll of immolation {unknown}
 q - 3 scrolls of remove curse {unknown}
 s - a scroll of fog {unknown}
 v - 2 scrolls of teleportation {unknown}
 w - 2 scrolls of magic mapping {unknown}
Potions
 d - a potion of might
 n - 2 potions of haste {unknown}
 r - a potion of cancellation {unknown}
 t - 2 potions of curing {unknown}
 u - 2 potions of brilliance {unknown}
 B - a potion of lignification {unknown}
 C - a potion of flight {unknown}
 E - a potion of agility {unknown}
Comestibles
 f - 10 rations


   Skills:
 + Level 3.8 Fighting
 + Level 4.7 Axes
 + Level 5.8 Slings
 + Level 6.0 Armour
 + Level 2.0 Dodging
 + Level 1.8 Stealth
 + Level 5.4 Shields
 + Level 0.6 Evocations


You had 7 spell levels left.
You didn't know any spells.

Dungeon Overview and Level Annotations

Branches:
Dungeon (6/15)             Temple (0/1) D:4

Altars:
Dithmenos
Gozag
Nemelex Xobeh
The Shining One

Shops:
D:4 (

Annotations:
D:4 Soeti's ghost, amateur FoFi


Innate Abilities, Weirdness & Mutations

You are resistant to damage.
You can heal yourself by infusing magical energy.
You passively map a small area around you.
You do not regenerate.


Message History

The centaur shoots an arrow.
You block the arrow.
You are too injured to fight recklessly!
Firing (i - inventory. (/) - cycle)
j - 302 stones (quivered)
Press: ? - help, Shift-Dir - straight line, f - centaur
Aim: a centaur, wielding a shortbow You shoot a stone.
The stone hits the centaur!
The centaur is poisoned.
The centaur is heavily wounded.
The centaur shoots an arrow.
The arrow hits you but does no damage.
The centaur shoots an arrow.
The arrow hits you.
* * * LOW HITPOINT WARNING * * *
You see here an arrow.
Firing (i - inventory. (/) - cycle)
j - 301 stones (quivered)
Press: ? - help, Shift-Dir - straight line, f/p - centaur
Aim: a centaur, wielding a shortbow (heavily wounded, poisoned)
You shoot a stone. The stone hits the centaur!
The centaur looks as sick as possible!
The centaur is almost dead.
The centaur shoots an arrow.
The arrow hits you but does no damage.
The centaur shoots an arrow.
The arrow hits you!
You die...

, , #.#.....# *,, , * , ,
#.#.###.# , , #.#.# #.# ,
, , ####.#.###.# , , ,
+......(.c.# * * * , ,
####.#(#####.# * * * , ,
#.........#..# #+## , ,
######c#######..#....# *
#.......(@......#....# *
#.####.#######..#....###*
#.....#....#......? *
#..##.#..........#* ,*
#................# * *,
#...#.....<..#+#
#....#..<#.#)#..#.# *
#.####..<.......#.# * ,,
* # ** #...###.#.##.#


You could see a centaur.

Vanquished Creatures
  The ghost of George the Carver, a novice MiFi (D:6)
  An ice beast (D:5)
  A centaur (D:5)
  2 bullfrogs
  3 crimson imps (D:5)
  A hound (D:5)
  A bullfrog skeleton (D:6)
  An orc wizard (D:5)
  Jessica (D:2)
  Natasha (thrice) (D:3)
  Ijyb (D:3)
  4 worker ants (D:4)
  A hound skeleton (D:4)
  4 adders
  2 oozes
  2 worms (D:2)
  2 leopard geckos
  8 orcs
  2 giant cockroaches (D:3)
  8 hobgoblins
  3 quokkas
  A ball python (D:4)
  9 bats
  7 frilled lizards
  6 goblins
  7 kobolds
  A quokka skeleton (D:5)
  5 rats
88 creatures vanquished.

Notes
Turn   | Place    | Note
-------+----------+-------------------------------------------
     0 | D:1      | Kairos the Deep Dwarf Fighter began the quest for the Orb.
     0 | D:1      | Reached XP level 1. HP: 20/20 MP: 1/1
   133 | D:1      | Reached XP level 2. HP: 27/27 MP: 2/2
   556 | D:2      | Noticed Jessica
   565 | D:2      | Killed Jessica
   565 | D:2      | Reached XP level 3. HP: 34/34 MP: 3/3
   601 | D:2      | You fall through a shaft!
   714 | D:2      | Reached XP level 4. HP: 39/42 MP: 4/4
   758 | D:2      | Found a glowing golden altar of the Shining One.
   758 | D:2      | Found a sparkling altar of Nemelex Xobeh.
   918 | D:2      | Found an opulent altar of Gozag.
  1319 | D:3      | Found a shadowy altar of Dithmenos.
  1384 | D:3      | Reached skill level 4 in Armour
  1573 | D:3      | Noticed Natasha
  1585 | D:3      | Killed Natasha
  1593 | D:3      | Found a glowing golden altar of the Shining One.
  1604 | D:3      | Noticed Natasha
  1621 | D:3      | Killed Natasha
  1621 | D:3      | Reached XP level 5. HP: 25/49 MP: 5/5
  1698 | D:3      | Noticed Natasha
  1728 | D:3      | Killed Natasha
  1728 | D:3      | Reached skill level 1 in Dodging
  2304 | D:4      | Noticed Ijyb
  2325 | D:3      | Killed Ijyb
  2325 | D:3      | Reached skill level 1 in Stealth
  2404 | D:4      | Found Kuwum's Antique Weapon Shop.
  2432 | D:4      | Reached XP level 6. HP: 43/56 MP: 6/6
  2738 | D:4      | Noticed Soeti's ghost (amateur FoFi)
  2955 | D:4      | Bought an ichor-stained hunting sling for 188 gold pieces
  2955 | D:4      | Identified the +8 hunting sling "Zizaschei" {venom, rPois rC+ Int+4} (You bought it in a shop on level 4 of the Dungeon)
  3283 | D:4      | Found a staircase to the Ecumenical Temple.
  3488 | D:5      | Entered Level 5 of the Dungeon
  3488 | D:5      | Noticed an ice beast
  3499 | D:5      | Killed an ice beast
  3499 | D:5      | Reached skill level 1 in Slings
  3773 | D:5      | Reached skill level 5 in Armour
  3773 | D:5      | Reached XP level 7. HP: 55/62 MP: 7/7
  4256 | D:6      | Noticed George's ghost (novice MiFi)
  4443 | D:6      | Reached skill level 5 in Shields
  4465 | D:6      | Killed George's ghost
  4465 | D:6      | Reached skill level 5 in Slings
  4465 | D:6      | Reached skill level 6 in Armour
  4465 | D:6      | Reached XP level 8. HP: 16/72 MP: 8/8
  4648 | D:6      | Shot with an arrow by a centaur

Vault maps used:
D:1:      lordsloth_arrival_two_stooges, minmay_misc_feat_x
D:2:      nicolae_overflow_hidden_temple, uniq_jessica
D:3:      old_standard_altar, first_ration, nicolae_tso_carved_into_rock,
          uniq_natasha
D:4:      minmay_temple_entry_from_below_a, serial_shops,
          nicolae_shop_behind_doors, minmay_tree_intersection, uniq_ijyb
D:5:      serial_glass, glass_columns_a, glass_columns_a, glass_columns_b,
          glass_columns_b, glass_columns_a, glass_columns_a,
          lemuel_flamethrower_1

Skill      XL: |  1  2  3  4  5  6  7 |
---------------+----------------------+-----
Fighting       | 3 |  3.8
Axes           | 3 4 |  4.7
Armour         | 4 5 6 |  6.0
Shields        | 4 5 |  5.4
Dodging        | 1 2 |  2.0
Stealth        | 1 |  1.8
Slings         | 2 5 |  5.8
Evocations     | |  0.6

Action                   |  1- 3 |  4- 6 |  7- 9 || total
-------------------------+-------+-------+-------++-------
Melee: War axe           |    75 |   156 |       ||   231
       Hand axe          |       |       |    18 ||    18
 Fire: Hunting sling     |       |    54 |    31 ||    85
Evoke: Wand              |       |     1 |     2 ||     3
  Use: Scroll            |       |     3 |       ||     3
       Potion            |       |     4 |       ||     4
  Eat: Chunk             |       |     3 |     2 ||     5
       Ration            |       |     2 |       ||     2
Armor: Scale mail        |    39 |    74 |    21 ||   134
Dodge: Dodged            |    30 |    47 |    14 ||    91
Block: Shield            |    57 |   104 |    34 ||   195

Table legend:
 A = Spawn XP
 B = Non-spawn XP
 C = Spawn XP percentage of total XP
 D = Spawn monster count
 E = Non-spawn monster count
 F = Spawn count percentage of total count
 G = Total turns spent on level
                    A         B        C        D         E        F      G
               +---------+---------+-------+---------+---------+-------+---------
         Total |       0 |    1803 |   0.0 |       0 |      88 |   0.0 |  4648
               +---------+---------+-------+---------+---------+-------+---------
           D:1 |       0 |      21 |   0.0 |       0 |      15 |   0.0 |   532
           D:2 |       0 |      92 |   0.0 |       0 |      23 |   0.0 |   704
           D:3 |       0 |     187 |   0.0 |       0 |      20 |   0.0 |  1248
           D:4 |       0 |     174 |   0.0 |       0 |       9 |   0.0 |  1092
           D:5 |       0 |     586 |   0.0 |       0 |      15 |   0.0 |   843
           D:6 |       0 |     743 |   0.0 |       0 |       6 |   0.0 |   229
               +---------+---------+-------+---------+---------+-------+---------
